 Dungeon Sprint DCSS version 0.17-a0-1804-gf6433eb (webtiles) character file.

145448 Kidiri the Ninja (level 16, -4/73 HPs)
             Began as a Spriggan Enchanter on Sept 11, 2015.
             Was the Champion of Dithmenos.
             Slain by Mennas
             ... wielding a +3 scimitar of holy wrath
              (12 damage)
             ... in the Dungeon (Sprint III: "The Ten Rune Challenge").
             The game lasted 02:22:27 (13800 turns).

Kidiri the Ninja (Spriggan Enchanter)              Turns: 13800, Time: 02:22:27

Health: -4/73      AC: 14    Str:  4    XL:     16   Next: 23%
Magic:  40/43      EV: 41    Int: 22    God:    Dithmenos [******]
Gold:   303        SH:  0    Dex: 20    Spells: 12 memorised, 6 levels left

rFire  + + +     SeeInvis +     E - +4 rapier (protect)
rCold  + . .     Clarity  .     y - +1 robe {rC+ rF+}
rNeg   . . .     SustAt   +     (shield restricted)
rPois  +         Gourm    .     K - +3 crown of Dyrovepreva {rElec Int+2 SInv}
rElec  +         Spirit   .     N - +0 cloak
rCorr  +         Warding  .     (gloves unavailable)
rMut   .         NoTele   +     (boots unavailable)
MR     ++...                    a - amulet of resist corrosion
Stlth  ++++++++++               B - ring of sustain attributes
                                z - ring of the Unkillable {rPois rF+}

@: very slightly contaminated, silenced, very quick, very resistant to hostile
enchantments, uncannily stealthy
A: unfitting armour, fangs 1, see invisible, deterioration 2, fire resistance 1,
herbivore 3, speed 3, sense surroundings 1, poison resistance, robust 1, shaggy
fur 2, slow metabolism 2, spit poison 1, wild magic 1, evolution 1
a: Spit Poison, Renounce Religion
}: 2/10 runes: decaying, serpentine


You were in the Dungeon.
You worshipped Dithmenos.
Dithmenos was exalted by your worship.
You were not hungry.

You visited 1 branch You collected 2511 gold pieces.
You spent 2208 gold pieces at shops.

Inventory:

Hand weapons
 n - the +1 rapier of Xorogekk {drain, +Rage rElec rPois Dex-2}
   (You bought it in a shop in the Dungeon)

   A truly terrible weapon, it drains the life of those it strikes.
   It affects your dexterity (-2).
   It insulates you from electricity.
   It protects you from poison.
   It lets you go berserk.
 E - a +4 rapier of protection (weapon)
Missiles
 l - 8 throwing nets (quivered)
Armour
 y - a +1 robe of resistance (worn)
 K - the +3 crown of Dyrovepreva (worn) {rElec Int+2 SInv}
   (You bought it in a shop in the Dungeon)

   It affects your intelligence (+2).
   It insulates you from electricity.
   It lets you see invisible.
 N - a +0 cloak (worn)
Jewellery
 a - an amulet of resist corrosion (around neck)
 v - an uncursed amulet of warding
 z - the ring of the Unkillable (left hand) {rPois rF+}
   (You took it off a deep elf blademaster in the Dungeon)

   [ring of protection from fire]

   It protects you from fire.
   It protects you from poison.
 B - a ring of sustain attributes (right hand)
 F - an uncursed ring of ice
Magical devices
 b - a wand of digging (9)
 c - a wand of confusion (36)
 h - a wand of disintegration (9)
 k - a wand of digging (6)
 L - a wand of lightning (5)
Scrolls
 j - 2 scrolls of blinking
 m - a scroll of holy word
 o - 4 scrolls of remove curse
 q - a scroll of torment
 r - 2 scrolls of recharging
 A - 6 scrolls of amnesia
 G - a scroll of random uselessness {unknown}
Potions
 d - a potion of invisibility
 e - 3 potions of curing
 f - a potion of heal wounds
 g - 4 potions of haste
 i - 2 potions of berserk rage
 t - 2 potions of lignification
 u - 2 potions of flight
 w - 3 potions of magic
 x - a potion of resistance
 D - a potion of poison {unknown}
 H - a potion of ambrosia {unknown}
Books
 O - a book of Enchantments

   Spells                             Type                      Level
   a - Cause Fear                     Hexes                        4
   b - Silence                        Hexes/Air                    5
   c - Deflect Missiles               Charms/Air                   6
   d - Haste                          Charms                       6
   e - Discord                        Hexes                        8
Comestibles
 p - 5 fruits
 s - 27 royal jellies
 C - 2 slices of pizza


   Skills:
 + Level 15.7 Short Blades
 * Level 25.9 Dodging
 O Level 27 Stealth
 * Level 22.5 Spellcasting
 + Level 11.4 Conjurations
 + Level 17.2 Hexes
 + Level 11.9 Summonings
 + Level 18.5 Translocations
 + Level 12.6 Transmutations
 + Level 12.5 Ice Magic
 + Level 9.2 Earth Magic
 - Level 3.1 Invocations


You had 6 spell levels left.
You knew the following spells:

 Your Spells              Type           Power        Failure   Level  Hunger
a - Corona                Hex            #######      1%          1    None
b - Ensorcelled Hibernat  Hex/Ice        ######       1%          2    None
c - Confuse               Hex            ########     1%          3    None
d - Tukima's Dance        Hex            ########     1%          3    None
e - Dazzling Spray        Conj/Hex       #######.     1%          3    None
f - Controlled Blink      Tloc           N/A          3%          7    #####..
g - Malign Gateway        Summ/Tloc      #######...   9%          7    #####..
h - Disjunction           Tloc           ########..   16%         8    ######.
i - Passwall              Trmt/Erth      #######...   1%          3    None
j - Invisibility          Hex            ########     1%          6    ##.....
k - Lee's Rapid Deconstr  Erth           #######...   4%          5    None
l - Darkness              Hex            ########..   1%          6    ##.....


Dungeon Overview and Level Annotations

Branches:
Dungeon (1/1)

Altars:
Cheibriados
Dithmenos
Elyvilon
Fedhas
Gozag
Kikubaaqudgha
Makhleb
Nemelex Xobeh
Okawaru
Qazlal
Ru
Sif Muna
Trog
Vehumet
Xom
Yredelemnul
Zin
The Shining One
Jiyva
Lugonu

Shops:
D ?[=(!=}}[[}%?(!!(}?[%:=!

Annotations:
D exclusion: 4 statues, Mennas


Innate Abilities, Weirdness & Mutations

You are tiny and cannot use many weapons and most armour.
You have supernaturally acute eyesight.
You are a herbivore.
You cover ground extremely quickly.
You need consume almost no food.
You have very sharp teeth.
Your body often deteriorates upon taking damage.
Your flesh is heat resistant.
You passively map a small area around you.
Your system is resistant to poisons.
You are robust (+10% HP).
You are covered in thick fur (AC +2).
You can spit weak poison.
Your spells are a little harder to cast, but a little more powerful.
You evolve.


Message History

Throwing (i - inventory):
l - 10 throwing nets (quivered)
Press: ? - help, Shift-Dir - straight line, f/p - Mennas
Aim: Mennas, wielding a scimitar of holy wrath and wearing a large shield (silenced, heavily wounded, radiating silence)
You throw a throwing net.
Mennas blocks the throwing net.
Mennas becomes audible again.
Mennas is caught in a moment of prayer.
Mennas gestures frantically.
Mennas is healed somewhat.
Mennas gestures frantically.
Mennas's surroundings become eerily quiet.
Unknown command.
Throwing (i - inventory):
l - 9 throwing nets (quivered)
Press: ? - help, Shift-Dir - straight line, f/p - Mennas
Aim: Mennas, wielding a scimitar of holy wrath and wearing a large shield (silenced, heavily wounded, radiating silence)
You throw a throwing net.
Mennas blocks the throwing net.
Your shadow throws a throwing net.
Mennas blocks the throwing net.
The throwing net disappears in a puff of smoke!
Mennas hits you with a scimitar of holy wrath.
* * * LOW HITPOINT WARNING * * *
Mennas hits you with a scimitar of holy wrath!
You die...

:.#..#)..#..)#%_#......)[)##.#.:.
..#..###+#+###+##......[)###.#...
#+#..#..........#......[[.##.#...
##...'.⌠........#.#..#.#####.+...
##...#...######'#.#....# ######
#....#.⌠.#__#...#+###############
.....#...#__#...#....#)#)#)..(.#.
.....#+###__#...##.#()#.##.###.#.
.....#...#__#...@##.#.#.##.#).##.
#....#___#_.+...#A(.#..#..##.['..
▓▓▓▓▓▓▓▓▓▓▓▓▓▓▓▓▓▓▓▓▓▓▓▓▓▓▓▓▓▓#A.
≈≈♣♣.....♣♣♣♣≈≈≈........≈≈≈...#..
≈.♣♣.≈≈≈≈'♣♣'♣≈≈≈≈≈≈≈≈≈≈≈≈♣♣P.§..
≈.≈'.....#.≈♣♣♣♣♣♣♣♣♣♣♣♣♣♣♣♣PP#..
≈≈♣♣♣♣♣♣♣#..♣♣ ♣♣♣##§ ≈.♣
###+♣♣♣♣♣♣♣♣♣♣♣♣♣♣♣♣♣#§§ ####♣
♣♣♣♣.##..##≈≈≈≈≈≈..#)[#§§


You could see Mennas.

Vanquished Creatures
  Mara (D)
  Boris (D)
  Norris (D)
  Nikola (D)
  2 bone dragons (D)
  Rupert (D)
  A deep elf blademaster (D)
  A lich (D)
  Gastronok (D)
  Harold (D)
  Chuck (D)
  2 sphinxes (D)
  A storm dragon (D)
  2 shadow dragons (D)
  Roxanne (D)
  A greater naga (D)
  4 azure jellies (D)
  Maud (D)
  A vampire knight (D)
  3 deep elf annihilators (D)
  2 dire elephants (D)
  2 deep elf death magi (D)
  7 mummy priests (D)
  A fire dragon (D)
  A yaktaur captain (D)
  A naga warrior (D)
  2 ice dragons (D)
  2 centaur warriors (D)
  3 hydras (D)
  Erolcha (D)
  4 anacondas (D)
  4 dancing weapons (D)
  4 orc high priests (D)
  A titan zombie (D)
  4 death yaks (D)
  An ogre mage (D)
  2 deep elf knights (D)
  4 skeletal warriors (D)
  A golden dragon zombie (D)
  2 giant orange brains (shapeshifter) (D)
  A death drake (D)
  A spriggan druid (D)
  2 spectral iron dragons (D)
  An obsidian statue (D)
  A lindwurm (D)
  2 deep elf conjurers (D)
  Joseph (D)
  3 hornets (D)
  2 oklob plants (D)
  An orc sorcerer (D)
  5 ugly things (D)
  4 crystal guardians (D)
  A cyclops (shapeshifter) (D)
  A manticore (shapeshifter) (D)
  2 elephants (D)
  A wolf spider (shapeshifter) (D)
  A guardian serpent (D)
  4 statues (D)
  An elephant (shapeshifter) (D)
  5 black mambas (D)
  An orange crystal statue (D)
  A molten gargoyle (D)
  2 spiny frogs (D)
  A komodo dragon (D)
  10 guardian mummies (D)
  A fire drake (D)
  3 deep elf priests (D)
  3 wandering mushrooms (D)
  4 spriggan defenders (D)
  A queen bee (D)
  8 blink frogs (D)
  A slime creature (shapeshifter) (D)
  6 slime creatures (D)
  4 redbacks (D)
  A shadow (D)
  2 trapdoor spiders (D)
  2 spriggans (D)
  3 spatial vortices (D)
  2 hill giants (D)
  3 water moccasins (D)
  3 hydra simulacra (D)
  3 iron troll simulacra (D)
  3 orc warriors (D)
  A swamp drake (D)
  2 nagas (D)
  A necrophage (D)
  2 fire dragon simulacra (D)
  2 brain worms (D)
  3 two-headed ogres (D)
  A water elemental (D)
  32 killer bees (D)
  5 electric eels (D)
  A jelly (D)
  An orc priest (D)
  2 orc wizards (D)
  A wolf (D)
  Jessica (D)
  5 necromancers (D)
  A wizard (D)
  3 humans (D)
  A kobold demonologist (D)
  5 adders (D)
  2 oozes (D)
  2 swamp drake simulacra (D)
  An adder simulacrum (D)
  6 orcs (D)
  A bat zombie (D)
  A giant newt (D)
  A quokka simulacrum (D)
  A rat (D)
  2 ballistomycetes (D)
  12 plants (D)
284 creatures vanquished.

Vanquished Creatures (collateral kills)
  5 vampire knights (D)
  An orc warrior (D)
  An orc priest (D)
  2 orcs (D)
9 creatures vanquished.

Vanquished Creatures (others)
  An eldritch tentacle (D)
  2 draconian scorchers (D)
  A shadow wraith (D)
  4 ball lightnings (D)
  3 yaktaurs (D)
  4 ballistomycetes (D)
  A bush (D)
  15 eldritch tentacle segments (D)
  4 giant spores (D)
  14 plants (D)
49 creatures vanquished.

Grand Total: 342 creatures vanquished

Notes
Turn   | Place    | Note
--------------------------------------------------------------
     0 | D        | Kidiri the Spriggan Enchanter began the quest for the Orb.
     0 | D        | Reached XP level 1. HP: 9/9 MP: 5/5
     9 | D        | Reached skill level 5 in Stealth
    11 | D        | Reached XP level 2. HP: 13/13 MP: 5/7
    19 | D        | Learned a level 2 spell: Ensorcelled Hibernation
    41 | D        | Noticed Jessica
    45 | D        | Killed Jessica
    45 | D        | Reached skill level 5 in Dodging
    45 | D        | Reached skill level 6 in Stealth
    45 | D        | Reached skill level 1 in Ice Magic
    45 | D        | Reached XP level 3. HP: 16/16 MP: 7/9
    50 | D        | Learned a level 3 spell: Confuse
    54 | D        | Learned a level 3 spell: Tukima's Dance
   167 | D        | Noticed a wolf
   171 | D        | Killed a wolf
   171 | D        | Reached skill level 7 in Stealth
   184 | D        | Reached skill level 5 in Spellcasting
   184 | D        | Reached skill level 5 in Hexes
   184 | D        | Reached XP level 4. HP: 17/21 MP: 2/12
   189 | D        | Learned a level 3 spell: Dazzling Spray
   214 | D        | Killed a white draconian scorcher
   273 | D        | Gained mutation: You evolve. [potion of mutation]
   273 | D        | Gained mutation: You are robust (+10% HP). [potion of mutation]
   274 | D        | Gained mutation: Your flesh is heat resistant. [potion of mutation]
   274 | D        | Gained mutation: You are covered in fur (AC +1). [potion of mutation]
   274 | D        | Gained mutation: Your body sometimes deteriorates upon taking damage. [potion of mutation]
   308 | D        | Noticed a water elemental
   311 | D        | Killed a water elemental
   311 | D        | Reached skill level 8 in Stealth
   311 | D        | Reached skill level 1 in Conjurations
   311 | D        | Reached XP level 5. HP: 26/26 MP: 12/14
   328 | D        | Noticed a jelly
   329 | D        | Noticed a shadow
   356 | D        | Killed a shadow
   356 | D        | Reached skill level 10 in Stealth
   356 | D        | Reached XP level 6. HP: 21/30 MP: 3/17
   421 | D        | Killed a white draconian scorcher
   460 | D        | Killed a jelly
   514 | D        | Killed a yaktaur
   676 | D        | Gained mutation: Your system is resistant to poisons. [potion of beneficial mutation]
   679 | D        | Found a stormy altar of Qazlal.
   680 | D        | Found a sacrificial altar of Ru.
   680 | D        | Found a burning altar of Makhleb.
   680 | D        | Found a viscous altar of Jiyva.
   680 | D        | Found a shimmering altar of Xom.
   680 | D        | Found a shadowy altar of Dithmenos.
   680 | D        | Found a sparkling altar of Nemelex Xobeh.
   680 | D        | Found a corrupted altar of Lugonu.
   680 | D        | Found an opulent altar of Gozag.
   680 | D        | Noticed a spatial vortex
   684 | D        | Became a worshipper of Dithmenos the Shadowed
   693 | D        | Killed a spatial vortex
   693 | D        | Reached skill level 5 in Short Blades
   693 | D        | Reached skill level 11 in Stealth
   693 | D        | Reached skill level 1 in Invocations
   822 | D        | Found a radiant altar of Vehumet.
   822 | D        | Found a deep blue altar of Sif Muna.
   822 | D        | Found an ancient bone altar of Kikubaaqudgha.
   822 | D        | Noticed a wizard
   831 | D        | Reached skill level 10 in Dodging
   835 | D        | Killed a wizard
   894 | D        | Killed a yaktaur
   913 | D        | Found a glowing silver altar of Zin.
   914 | D        | Found a glowing golden altar of the Shining One.
   914 | D        | Found a white marble altar of Elyvilon.
   914 | D        | Noticed a deep elf priest
   916 | D        | Killed a deep elf priest
   916 | D        | Reached XP level 7. HP: 35/35 MP: 18/20
   931 | D        | Found an iron altar of Okawaru.
   932 | D        | Found a bloodstained altar of Trog.
   932 | D        | Noticed a human
   932 | D        | Noticed a human
   938 | D        | Killed a human
   938 | D        | Reached skill level 12 in Stealth
   943 | D        | Killed a human
   958 | D        | Learned a level 7 spell: Controlled Blink
   982 | D        | Found a basalt altar of Yredelemnul.
   982 | D        | Found a snail-covered altar of Cheibriados.
   982 | D        | Found a blossoming altar of Fedhas.
   982 | D        | Noticed a necrophage
   982 | D        | Noticed a necromancer
   984 | D        | Killed a necrophage
   984 | D        | Acquired Dithmenos's first power
   984 | D        | Reached skill level 1 in Translocations
   984 | D        | Reached XP level 8. HP: 39/39 MP: 22/22
   985 | D        | Killed a necromancer
  1001 | D        | Learned a level 7 spell: Malign Gateway
  1009 | D        | Noticed a two-headed ogre
  1009 | D        | Noticed a two-headed ogre
  1013 | D        | Killed a two-headed ogre
  1015 | D        | Killed a two-headed ogre
  1019 | D        | Noticed a two-headed ogre
  1020 | D        | Killed a two-headed ogre
  1020 | D        | Reached skill level 13 in Stealth
  1020 | D        | Reached skill level 10 in Spellcasting
  1025 | D        | Noticed a hill giant
  1028 | D        | Killed a hill giant
  1028 | D        | Acquired Dithmenos's second power
  1028 | D        | Reached skill level 1 in Summonings
  1107 | D        | Noticed a hill giant
  1107 | D        | Noticed Erolcha
  1109 | D        | Killed Erolcha
  1109 | D        | Reached skill level 14 in Stealth
  1109 | D        | Reached skill level 5 in Ice Magic
  1109 | D        | Reached XP level 9. HP: 42/42 MP: 24/24
  1110 | D        | Killed a hill giant
  1111 | D        | Noticed a redback
  1119 | D        | Killed a redback
  1140 | D        | Gained mutation: You passively map a small area around you. [evolution]
  1184 | D        | Noticed a trapdoor spider
  1207 | D        | Killed a trapdoor spider
  1207 | D        | Reached skill level 5 in Translocations
  1404 | D        | Noticed a trapdoor spider
  1446 | D        | Killed a trapdoor spider
  1446 | D        | Acquired Dithmenos's third power
  1486 | D        | Noticed a killer bee
  1486 | D        | Noticed a killer bee
  1486 | D        | Noticed a killer bee
  1487 | D        | Noticed a killer bee
  1487 | D        | Noticed a killer bee
  1487 | D        | Noticed a killer bee
  1487 | D        | Noticed a killer bee
  1487 | D        | Noticed a killer bee
  1487 | D        | Noticed a killer bee
  1487 | D        | Noticed a killer bee
  1487 | D        | Noticed a killer bee
  1487 | D        | Noticed a killer bee
  1487 | D        | Noticed a killer bee
  1487 | D        | Noticed a queen bee
  1487 | D        | Noticed a killer bee
  1487 | D        | Noticed a killer bee
  1487 | D        | Noticed a killer bee
  1487 | D        | Noticed a killer bee
  1487 | D        | Noticed a killer bee
  1487 | D        | Noticed a killer bee
  1487 | D        | Noticed a killer bee
  1487 | D        | Noticed a killer bee
  1487 | D        | Noticed a killer bee
  1487 | D        | Noticed a killer bee
  1487 | D        | Noticed a killer bee
  1487 | D        | Noticed a killer bee
  1487 | D        | Noticed a killer bee
  1487 | D        | Noticed a killer bee
  1487 | D        | Noticed a killer bee
  1487 | D        | Noticed a killer bee
  1487 | D        | Noticed a killer bee
  1487 | D        | Noticed a killer bee
  1487 | D        | Noticed a killer bee
  1488 | D        | Killed a killer bee
  1489 | D        | Killed a killer bee
  1499 | D        | Killed a killer bee
  1501 | D        | Killed a killer bee
  1503 | D        | Killed a killer bee
  1505 | D        | Killed a killer bee
  1505 | D        | Acquired Dithmenos's fourth power
  1507 | D        | Killed a killer bee
  1509 | D        | Killed a killer bee
  1511 | D        | Killed a killer bee
  1668 | D        | Killed a killer bee
  1671 | D        | Killed a killer bee
  1674 | D        | Killed a killer bee
  1676 | D        | Killed a killer bee
  1678 | D        | Killed a killer bee
  1680 | D        | Killed a killer bee
  1680 | D        | Reached skill level 15 in Stealth
  1682 | D        | Killed a killer bee
  1685 | D        | Killed a killer bee
  1687 | D        | Killed a killer bee
  1929 | D        | Killed a killer bee
  1931 | D        | Killed a killer bee
  1933 | D        | Killed a killer bee
  1936 | D        | Killed a killer bee
  1938 | D        | Killed a killer bee
  1940 | D        | Killed a killer bee
  1942 | D        | Killed a killer bee
  1944 | D        | Killed a killer bee
  1946 | D        | Killed a killer bee
  1948 | D        | Killed a killer bee
  1950 | D        | Killed a killer bee
  1950 | D        | Reached XP level 10. HP: 48/48 MP: 2/27
  1980 | D        | Killed a killer bee
  2276 | D        | Killed a queen bee
  2311 | D        | Killed a killer bee
  2315 | D        | Killed a killer bee
  2407 | D        | Noticed a wandering mushroom
  2433 | D        | Noticed a wandering mushroom
  2433 | D        | Noticed a wandering mushroom
  2437 | D        | Killed a wandering mushroom
  2437 | D        | Reached skill level 5 in Conjurations
  2439 | D        | Killed a wandering mushroom
  2440 | D        | Killed a wandering mushroom
  2440 | D        | Reached skill level 16 in Stealth
  2481 | D        | Noticed a spiny frog
  2481 | D        | Noticed a komodo dragon
  2481 | D        | Noticed a spiny frog
  2484 | D        | Killed a komodo dragon
  2591 | D        | Gained mutation: You are agile. (Dex +2) [evolution]
  2766 | D        | Killed a spiny frog
  2770 | D        | Killed a spiny frog
  2770 | D        | Reached skill level 15 in Dodging
  2770 | D        | Reached skill level 10 in Hexes
  2842 | D        | Learned a level 8 spell: Disjunction
  2843 | D        | Noticed a redback
  2846 | D        | Killed a redback
  2850 | D        | Noticed a brain worm
  2853 | D        | Killed a brain worm
  2860 | D        | Noticed a brain worm
  2862 | D        | Killed a brain worm
  2865 | D        | Noticed a lindwurm
  2868 | D        | Noticed a redback
  2869 | D        | Killed a lindwurm
  2871 | D        | Killed a redback
  2875 | D        | Noticed a redback
  2876 | D        | Killed a redback
  2877 | D        | Noticed Maud
  2879 | D        | Killed Maud
  2879 | D        | Reached skill level 17 in Stealth
  2879 | D        | Reached XP level 11. HP: 51/51 MP: 29/29
  2883 | D        | Noticed an electric eel
  2884 | D        | Noticed a four-headed hydra
  2884 | D        | Noticed an eight-headed hydra
  2888 | D        | Killed an electric eel
  2891 | D        | Killed an eight-headed hydra
  2891 | D        | Reached skill level 5 in Summonings
  2892 | D        | Killed a four-headed hydra
  2937 | D        | Noticed a death drake
  2941 | D        | Killed a death drake
  2951 | D        | Found a blossoming altar of Fedhas.
  2951 | D        | Noticed a spriggan
  2951 | D        | Noticed a spriggan druid
  2951 | D        | Noticed a spriggan
  2953 | D        | Killed a spriggan druid
  2954 | D        | Killed a spriggan
  2955 | D        | Killed a spriggan
  2983 | D        | Noticed a black mamba
  2983 | D        | Noticed a black mamba
  2986 | D        | Killed a black mamba
  2986 | D        | Reached skill level 18 in Stealth
  2990 | D        | Killed a black mamba
  2996 | D        | Noticed an anaconda
  2996 | D        | Noticed an anaconda
  2996 | D        | Noticed an anaconda
  2996 | D        | Noticed a water moccasin
  2997 | D        | Noticed an anaconda
  2998 | D        | Killed an anaconda
  2998 | D        | Reached skill level 10 in Translocations
  3002 | D        | Killed a water moccasin
  3004 | D        | Killed an anaconda
  3005 | D        | Killed an anaconda
  3006 | D        | Killed an anaconda
  3006 | D        | Reached skill level 10 in Short Blades
  3141 | D        | Noticed a water moccasin
  3141 | D        | Noticed a water moccasin
  3142 | D        | Noticed a black mamba
  3143 | D        | Killed a water moccasin
  3144 | D        | Killed a water moccasin
  3150 | D        | Killed a black mamba
  3165 | D        | Noticed a naga
  3165 | D        | Noticed a naga
  3166 | D        | Noticed a naga warrior
  3166 | D        | Noticed a greater naga
  3166 | D        | Found Ceryticami's Antique Weapon Shop.
  3166 | D        | Found Culysuej's Distillery.
  3167 | D        | Killed a naga
  3168 | D        | Killed a naga
  3169 | D        | Found Yfocon's Jewellery Boutique.
  3170 | D        | Killed a greater naga
  3170 | D        | Reached skill level 19 in Stealth
  3170 | D        | Reached skill level 15 in Spellcasting
  3170 | D        | Reached XP level 12. HP: 56/56 MP: 26/32
  3171 | D        | Killed a naga warrior
  3203 | D        | Noticed a guardian serpent
  3206 | D        | Killed a guardian serpent
  3210 | D        | Got a serpentine rune of Zot
  3290 | D        | Noticed a swamp drake
  3290 | D        | Noticed a fire drake
  3294 | D        | Killed a fire drake
  3297 | D        | Killed a swamp drake
  3319 | D        | Noticed a blink frog
  3319 | D        | Noticed a blink frog
  3319 | D        | Noticed a blink frog
  3320 | D        | Noticed a blink frog
  3320 | D        | Noticed a blink frog
  3322 | D        | Killed a blink frog
  3323 | D        | Killed a blink frog
  3335 | D        | Killed a blink frog
  3338 | D        | Killed a blink frog
  3340 | D        | Killed a blink frog
  3401 | D        | Noticed Rupert
  3403 | D        | Killed Rupert
  3508 | D        | Noticed a death yak
  3509 | D        | Noticed a death yak
  3509 | D        | Noticed a blink frog
  3510 | D        | Noticed an azure jelly
  3510 | D        | Noticed a death yak
  3510 | D        | Noticed an azure jelly
  3510 | D        | Noticed a blink frog
  3510 | D        | Noticed a death yak
  3511 | D        | Killed a death yak
  3511 | D        | Reached skill level 20 in Stealth
  3512 | D        | Noticed a blink frog
  3523 | D        | Killed a death yak
  3527 | D        | Killed a death yak
  3531 | D        | Killed a blink frog
  3540 | D        | Killed a blink frog
  3693 | D        | Killed a blink frog
  3703 | D        | Noticed a black mamba
  3706 | D        | Noticed a black mamba
  3713 | D        | Killed a death yak
  3716 | D        | Killed a black mamba
  3718 | D        | Killed a black mamba
  3815 | D        | Noticed an ice dragon
  3825 | D        | Killed an ice dragon
  3868 | D        | Found Vyenaph's Magic Scroll Shoppe.
  3868 | D        | Found Uties's Antique Armour Boutique.
  3868 | D        | Noticed an ice dragon
  3907 | D        | Killed an ice dragon
  3908 | D        | Found Ygibieso's Jewellery Emporium.
  3969 | D        | Noticed a four-headed hydra
  3969 | D        | Noticed a five-headed hydra simulacrum
  3971 | D        | Killed a four-headed hydra
  3973 | D        | Killed a five-headed hydra simulacrum
  3975 | D        | Got a decaying rune of Zot
  4014 | D        | Gained mutation: Your spells are a little harder to cast, but a little more powerful. [evolution]
  4123 | D        | Noticed an azure jelly
  4123 | D        | Noticed an azure jelly
  4125 | D        | Noticed an elephant
  4125 | D        | Noticed an elephant
  4125 | D        | Noticed a dire elephant
  4125 | D        | Noticed a dire elephant
  4125 | D        | Noticed Gastronok
  4145 | D        | Killed a dire elephant
  4145 | D        | Reached XP level 13. HP: 43/60 MP: 14/34
  4157 | D        | Killed Gastronok
  4157 | D        | Reached skill level 21 in Stealth
  4462 | D        | Killed an elephant
  4470 | D        | Killed a dire elephant
  4473 | D        | Killed an elephant
  4660 | D        | Found Jomum's Gadget Shoppe.
  4660 | D        | Noticed an orc warrior
  4661 | D        | Noticed an orc warrior
  4661 | D        | Noticed an orc warrior
  4661 | D        | Noticed an orc wizard
  4661 | D        | Noticed an orc high priest
  4661 | D        | Noticed an orc warrior
  4661 | D        | Noticed an orc wizard
  4661 | D        | Noticed an orc priest
  4661 | D        | Noticed an orc sorcerer
  4663 | D        | Killed an orc high priest
  4665 | D        | Killed an orc sorcerer
  4667 | D        | Killed an orc priest
  4668 | D        | Killed an orc warrior
  4673 | D        | Killed an orc warrior
  4676 | D        | Killed an orc warrior
  4678 | D        | Killed an orc warrior
  4681 | D        | Killed an orc wizard
  4684 | D        | Killed an orc wizard
  4842 | D        | Noticed a deep elf priest
  4842 | D        | Noticed a deep elf priest
  4842 | D        | Noticed a deep elf knight
  4842 | D        | Noticed a deep elf conjurer
  4842 | D        | Noticed a deep elf knight
  4848 | D        | Noticed a deep elf annihilator
  4850 | D        | Killed a deep elf conjurer
  4851 | D        | Killed a deep elf knight
  4853 | D        | Killed a deep elf knight
  4855 | D        | Killed a deep elf priest
  4856 | D        | Killed a deep elf priest
  4857 | D        | Noticed a deep elf annihilator
  4944 | D        | Noticed a deep elf conjurer
  4945 | D        | Killed a deep elf conjurer
  5228 | D        | Noticed a deep elf annihilator
  5230 | D        | Noticed a deep elf death mage
  5233 | D        | Noticed a deep elf blademaster
  5236 | D        | Killed a deep elf death mage
  5338 | D        | Killed a deep elf annihilator
  5402 | D        | Killed a deep elf annihilator
  5402 | D        | Reached skill level 22 in Stealth
  5404 | D        | Noticed a deep elf death mage
  5479 | D        | Killed a deep elf death mage
  5516 | D        | Gained mutation: You can spit weak poison. [evolution]
  5529 | D        | Killed a deep elf annihilator
  5910 | D        | Killed a deep elf blademaster
  5912 | D        | Got a bound wooden ring
  5927 | D        | Got a bloodstained quarterstaff
  5929 | D        | Identified Sif Muna's Handbook of Enhancements
  5930 | D        | Got a sheer robe
  5932 | D        | Identified the Incunabulum of Virous Stolen Souls
  5937 | D        | Got an encrusted flail
  5948 | D        | Got a steaming halberd
  5984 | D        | Identified the ring of the Unkillable {rPois rF+} (You took it off a deep elf blademaster in the Dungeon)
  6104 | D        | Identified the +0 robe "Ceacsiott" {Str+5} (You found it in the Dungeon)
  6142 | D        | Killed a yaktaur
  6204 | D        | Learned a level 3 spell: Passwall
  6211 | D        | Learned a level 6 spell: Invisibility
  6477 | D        | Bought a scroll of enchant armour for 82 gold pieces
  6477 | D        | Bought a scroll of identify for 22 gold pieces
  6477 | D        | Bought a scroll of enchant armour for 82 gold pieces
  6482 | D        | Bought an uncursed amulet of resist corrosion for 240 gold pieces
  6807 | D        | Learned a level 5 spell: Lee's Rapid Deconstruction
  6849 | D        | Noticed Harold
  6849 | D        | Noticed Joseph
  6851 | D        | Killed Harold
  6851 | D        | Reached skill level 1 in Transmutations
  6851 | D        | Reached skill level 1 in Earth Magic
  6852 | D        | Killed Joseph
  6871 | D        | Noticed an orc high priest
  6871 | D        | Noticed an orc high priest
  6872 | D        | Noticed an orc priest
  6872 | D        | Noticed an orc high priest
  6873 | D        | Killed an orc high priest
  6874 | D        | Killed an orc high priest
  6876 | D        | Killed an orc priest
  6877 | D        | Killed an orc high priest
  6923 | D        | Noticed an orange crystal statue
  6926 | D        | Noticed a spriggan defender
  6927 | D        | Noticed a spriggan defender
  6927 | D        | Noticed a spriggan defender
  6927 | D        | Noticed a spriggan defender
  6928 | D        | Killed a spriggan defender
  6929 | D        | Killed a spriggan defender
  6931 | D        | Killed a spriggan defender
  6932 | D        | Killed a spriggan defender
  6932 | D        | Reached skill level 10 in Ice Magic
  7024 | D        | Found Cuggoy's Food Boutique.
  7024 | D        | Found Ixkiny's Magic Scroll Emporium.
  7024 | D        | Found Beasimmi's Book Emporium.
  7024 | D        | Found Qumopajei's Antique Weapon Shop.
  7024 | D        | Found Kagept's Jewellery Shop.
  7024 | D        | Found Ydotett's Magic Scroll Emporium.
  7024 | D        | Found Fibihoi's Antique Weapon Boutique.
  7024 | D        | Found Igueps's Distillery.
  7024 | D        | Found Hogoan Toept's Distillery.
  7024 | D        | Found Jeha's Antique Armour Shop.
  7024 | D        | Found Sirchoxu's Gadget Emporium.
  7024 | D        | Found Huoprobb's Distillery.
  7043 | D        | Bought a potion of flight for 33 gold pieces
  7043 | D        | Bought a potion of invisibility for 88 gold pieces
  7043 | D        | Bought a potion of beneficial mutation for 385 gold pieces
  7043 | D        | Bought a potion of mutation for 27 gold pieces
  7043 | D        | Bought a potion of magic for 88 gold pieces
  7043 | D        | Bought a potion of curing for 33 gold pieces
  7043 | D        | Bought a potion of resistance for 110 gold pieces
  7043 | D        | Bought a potion of invisibility for 88 gold pieces
  7043 | D        | Bought a potion of magic for 88 gold pieces
  7043 | D        | Gained mutation: You have very sharp teeth. [potion of mutation]
  7043 | D        | Gained mutation: Your body often deteriorates upon taking damage. [potion of mutation]
  7044 | D        | Gained mutation: You are covered in thick fur (AC +2). [potion of beneficial mutation]
  7047 | D        | Bought a scroll of identify for 20 gold pieces
  7047 | D        | Bought a scroll of identify for 20 gold pieces
  7047 | D        | Bought a scroll of identify for 20 gold pieces
  7047 | D        | Bought a scroll of identify for 20 gold pieces
  7053 | D        | Bought a transparent rapier for 216 gold pieces
  7053 | D        | Identified the +1 rapier of Xorogekk {drain, +Rage rElec rPois Dex-2} (You bought it in a shop in the Dungeon)
  7056 | D        | Bought a potion of mutation for 35 gold pieces
  7056 | D        | Lost mutation: You are agile. (Dex +2) [potion of mutation]
  7060 | D        | Bought a scroll of identify for 26 gold pieces
  7060 | D        | Bought a scroll of magic mapping for 45 gold pieces
  7060 | D        | Bought a scroll of identify for 26 gold pieces
  7081 | D        | Noticed a crystal guardian
  7081 | D        | Noticed a crystal guardian
  7081 | D        | Noticed a crystal guardian
  7081 | D        | Noticed a crystal guardian
  7082 | D        | Killed a crystal guardian
  7085 | D        | Killed a crystal guardian
  7088 | D        | Killed a crystal guardian
  7091 | D        | Killed a crystal guardian
  7125 | D        | Killed an orange crystal statue
  7241 | D        | Noticed a giant orange brain
  7242 | D        | Noticed a brown ugly thing
  7244 | D        | Killed a giant orange brain
  7244 | D        | Reached skill level 23 in Stealth
  7244 | D        | Reached XP level 14. HP: 64/64 MP: 37/37
  7248 | D        | Killed a brown ugly thing
  7256 | D        | Noticed a centaur warrior
  7261 | D        | Killed a centaur warrior
  7426 | D        | Noticed a centaur warrior
  7433 | D        | Killed a centaur warrior
  7488 | D        | Noticed an elephant
  7490 | D        | Killed an elephant
  7497 | D        | Noticed a green ugly thing
  7498 | D        | Noticed a fire dragon
  7500 | D        | Killed a green ugly thing
  7504 | D        | Killed a fire dragon
  7515 | D        | Noticed a hand axe of chopping
  7515 | D        | Noticed a dire flail of protection
  7515 | D        | Noticed a halberd of flaming
  7516 | D        | Noticed a dire flail of distortion
  7517 | D        | Killed a dire flail of protection
  7519 | D        | Killed a dire flail of distortion
  7530 | D        | Killed a hand axe of chopping
  7537 | D        | HP: 2/64 [halberd of flaming (27)]
  7868 | D        | Killed a halberd of flaming
  7915 | D        | Noticed a yaktaur captain
  7915 | D        | Noticed a slime creature
  7916 | D        | Noticed a cyan ugly thing
  7916 | D        | Noticed a slime creature
  7916 | D        | Noticed a slime creature
  7916 | D        | Noticed a manticore
  7916 | D        | Noticed a red ugly thing
  7917 | D        | Killed a slime creature
  7919 | D        | Killed a manticore
  7921 | D        | Killed a red ugly thing
  7926 | D        | Killed a slime creature
  7928 | D        | Killed a slime creature
  7928 | D        | Reached skill level 5 in Transmutations
  7967 | D        | Killed a cyan ugly thing
  8372 | D        | Killed a yaktaur captain
  8404 | D        | Noticed Chuck
  8409 | D        | Killed Chuck
  8409 | D        | Reached skill level 15 in Translocations
  8410 | D        | Noticed a cyclops
  8416 | D        | Got a crystal dire flail
  8420 | D        | Got a steaming trident
  8430 | D        | Killed a cyclops
  8530 | D        | Noticed a red ugly thing
  8530 | D        | Noticed Norris
  8534 | D        | Killed a red ugly thing
  8543 | D        | Killed Norris
  8543 | D        | Reached skill level 24 in Stealth
  8616 | D        | Noticed a lich
  8619 | D        | Killed a lich
  8624 | D        | Noticed a wolf spider
  8626 | D        | Noticed a shadow dragon
  8626 | D        | Noticed an ogre mage
  8626 | D        | Noticed a shadow dragon
  8626 | D        | Killed a wolf spider
  8628 | D        | Killed a shadow dragon
  8628 | D        | Reached skill level 15 in Hexes
  8629 | D        | Killed a shadow dragon
  8629 | D        | Reached skill level 5 in Earth Magic
  8630 | D        | Killed an ogre mage
  8662 | D        | Noticed an obsidian statue
  8663 | D        | Noticed a giant orange brain
  8666 | D        | Killed a giant orange brain
  8672 | D        | Killed an obsidian statue
  8796 | D        | Noticed a vampire knight
  8800 | D        | Killed a vampire knight
  8843 | D        | Noticed a vampire knight
  8855 | D        | Killed a vampire knight
  8942 | D        | Noticed a necromancer
  8944 | D        | Killed a necromancer
  8944 | D        | Reached skill level 10 in Summonings
  8999 | D        | Noticed a skeletal warrior
  9001 | D        | Killed a skeletal warrior
  9008 | D        | Noticed a guardian mummy
  9010 | D        | Killed a guardian mummy
  9013 | D        | Noticed a vampire knight
  9022 | D        | Killed a vampire knight
  9156 | D        | Noticed a bone dragon
  9158 | D        | Killed a bone dragon
  9158 | D        | Reached skill level 10 in Conjurations
  9158 | D        | Reached XP level 15. HP: 69/69 MP: 40/40
  9161 | D        | Noticed a necromancer
  9163 | D        | Killed a necromancer
  9169 | D        | Noticed a guardian mummy
  9173 | D        | Killed a guardian mummy
  9197 | D        | Noticed a vampire knight
  9204 | D        | Killed a vampire knight
  9204 | D        | Reached skill level 25 in Stealth
  9379 | D        | Noticed a skeletal warrior
  9381 | D        | Killed a skeletal warrior
  9563 | D        | Noticed a necromancer
  9565 | D        | Killed a necromancer
  9577 | D        | Learned a level 6 spell: Darkness
  9578 | D        | Noticed a bone dragon
  9771 | D        | Killed a bone dragon
  9790 | D        | Noticed a necromancer
  9792 | D        | Killed a necromancer
  9849 | D        | Noticed a mummy priest
  9849 | D        | Noticed a mummy priest
  9849 | D        | Noticed a mummy priest
  9850 | D        | Noticed a sphinx
  9850 | D        | Noticed a sphinx
  9851 | D        | Killed a mummy priest
  9917 | D        | Noticed a guardian mummy
  9917 | D        | Noticed a mummy priest
  9918 | D        | Killed a mummy priest
  9920 | D        | Killed a mummy priest
  9922 | D        | Killed a sphinx
  9923 | D        | Killed a sphinx
  9925 | D        | Killed a guardian mummy
  9928 | D        | Killed a mummy priest
 10399 | D        | Noticed a guardian mummy
 10400 | D        | Noticed a mummy priest
 10400 | D        | Noticed a guardian mummy
 10401 | D        | Killed a guardian mummy
 10407 | D        | Killed a guardian mummy
 10409 | D        | Killed a mummy priest
 10526 | D        | Noticed a guardian mummy
 10526 | D        | Noticed a guardian mummy
 10526 | D        | Noticed a guardian mummy
 10527 | D        | Noticed a guardian mummy
 10528 | D        | Killed a guardian mummy
 10529 | D        | Killed a guardian mummy
 10532 | D        | Killed a guardian mummy
 10879 | D        | Killed a guardian mummy
 10949 | D        | Noticed a mummy priest
 10950 | D        | Noticed a guardian mummy
 10951 | D        | Killed a mummy priest
 10953 | D        | Killed a guardian mummy
 11162 | D        | Noticed a five-headed hydra simulacrum
 11162 | D        | Noticed a fire dragon simulacrum
 11162 | D        | Noticed a fire dragon simulacrum
 11162 | D        | Killed a five-headed hydra simulacrum
 11163 | D        | Killed a fire dragon simulacrum
 11164 | D        | Killed a fire dragon simulacrum
 11435 | D        | Noticed a yaktaur
 11435 | D        | Noticed a yaktaur
 11435 | D        | Noticed a yaktaur
 11472 | D        | Noticed a fire elementalist statue
 11472 | D        | Noticed a water elementalist statue
 11472 | D        | Noticed an earth elementalist statue
 11472 | D        | Noticed an air elementalist statue
 11477 | D        | Killed a water elementalist statue
 11479 | D        | Killed a fire elementalist statue
 11643 | D        | Killed an air elementalist statue
 11645 | D        | Killed an earth elementalist statue
 11706 | D        | Noticed a spectral iron dragon
 11706 | D        | Noticed a titan zombie
 11707 | D        | Noticed an iron troll simulacrum
 11707 | D        | Noticed Boris
 11707 | D        | Noticed a golden dragon zombie
 11707 | D        | Noticed an iron troll simulacrum
 11708 | D        | Killed a golden dragon zombie
 11710 | D        | Killed Boris
 11710 | D        | Reached skill level 26 in Stealth
 11710 | D        | Reached skill level 10 in Transmutations
 11711 | D        | Killed an iron troll simulacrum
 11712 | D        | Killed an iron troll simulacrum
 11713 | D        | Killed a spectral iron dragon
 11714 | D        | Killed a titan zombie
 11745 | D        | Noticed a spectral iron dragon
 11747 | D        | Killed a spectral iron dragon
 11751 | D        | Noticed a seven-headed hydra simulacrum
 11755 | D        | Killed a seven-headed hydra simulacrum
 11793 | D        | Found Mimnoj's Armour Emporium.
 11793 | D        | Found Xupur's Gadget Shop.
 11793 | D        | Found Pabbazar's Armour Shop.
 11793 | D        | Found Eteypn's Food Shoppe.
 11793 | D        | Noticed an oklob plant
 11794 | D        | Noticed an oklob plant
 11799 | D        | Killed an oklob plant
 11800 | D        | Killed an oklob plant
 11804 | D        | Bought the +3 crown of Dyrovepreva {rElec Int+2 SInv} for 414 gold pieces
 11869 | D        | Noticed Roxanne
 11876 | D        | Killed Roxanne
 11956 | D        | Found Kafymu's Gadget Boutique.
 11956 | D        | Noticed an iron troll simulacrum
 11958 | D        | Killed an iron troll simulacrum
 12023 | D        | Noticed a hornet
 12024 | D        | Noticed a hornet
 12028 | D        | Killed a hornet
 12032 | D        | Killed a hornet
 12032 | D        | Reached skill level 15 in Short Blades
 12036 | D        | Noticed a hornet
 12039 | D        | Killed a hornet
 12277 | D        | Noticed a mummy priest
 12278 | D        | Noticed a shadow wraith
 12278 | D        | Noticed a skeletal warrior
 12278 | D        | Noticed a skeletal warrior
 12279 | D        | Killed a mummy priest
 12294 | D        | Killed a shadow wraith
 12301 | D        | Killed a skeletal warrior
 12303 | D        | Killed a skeletal warrior
 12451 | D        | Noticed a large slime creature
 12451 | D        | Noticed a slime creature
 12451 | D        | Noticed a slime creature
 12451 | D        | Noticed a slime creature
 12452 | D        | Killed a slime creature
 12454 | D        | Killed a slime creature
 12456 | D        | Killed a slime creature
 12463 | D        | Killed a large slime creature
 12615 | D        | Noticed a molten gargoyle
 12616 | D        | Noticed a vampire knight
 12616 | D        | Noticed Mara
 12616 | D        | Noticed a vampire knight
 12617 | D        | Killed a molten gargoyle
 12621 | D        | Killed Mara
 12621 | D        | Reached skill level 27 in Stealth
 12635 | D        | Killed a vampire knight
 12640 | D        | Killed a vampire knight
 12640 | D        | Reached XP level 16. HP: 55/73 MP: 18/43
 12809 | D        | Noticed an electric eel
 12809 | D        | Noticed an electric eel
 12809 | D        | Noticed an electric eel
 12810 | D        | Noticed Nikola
 12810 | D        | Noticed a storm dragon
 12810 | D        | Noticed an electric eel
 12812 | D        | Killed a storm dragon
 12815 | D        | Killed an electric eel
 12816 | D        | Killed an electric eel
 12818 | D        | Killed an electric eel
 12820 | D        | Killed an electric eel
 12821 | D        | Killed Nikola
 12976 | D        | Noticed a ball lightning
 12976 | D        | Noticed a ball lightning
 12976 | D        | Noticed a ball lightning
 12977 | D        | Noticed a ball lightning
 12977 | D        | Killed a ball lightning
 12977 | D        | Killed a ball lightning
 12977 | D        | Killed a ball lightning
 12977 | D        | Killed a ball lightning
 13263 | D        | Killed an azure jelly
 13270 | D        | Killed an azure jelly
 13437 | D        | Killed an azure jelly
 13439 | D        | Killed an azure jelly
 13533 | D        | Noticed Mennas
 13534 | D        | Noticed a polar bear simulacrum
 13534 | D        | Noticed a pristine statue
 13534 | D        | Noticed a pristine statue
 13534 | D        | Noticed a pristine statue
 13534 | D        | Noticed a pristine statue
 13800 | D        | Slain by Mennas

Vault maps used:
D:        dungeon_sprint_mu

Action                   |  1- 3 |  4- 6 |  7- 9 | 10-12 | 13-15 | 16-18 || total
-------------------------+-------+-------+-------+-------+-------+-------++-------
Melee: Dagger            |    14 |    11 |    65 |   150 |    57 |       ||   297
       Short sword       |       |       |       |       |   209 |       ||   209
       Rapier            |       |       |       |       |   149 |    89 ||   238
Throw: Throwing net      |       |       |       |       |       |    10 ||    10
 Cast: Ensorcelled Hiber |     2 |     3 |    39 |    26 |    17 |       ||    87
       Confuse           |     1 |     1 |     1 |       |     2 |       ||     5
       Corona            |     1 |       |       |       |       |       ||     1
       Dazzling Spray    |       |    15 |    13 |    31 |   163 |    28 ||   250
       Tukima's Dance    |       |       |       |       |    10 |     1 ||    11
       Controlled Blink  |       |       |       |       |     3 |     1 ||     4
       Passwall          |       |       |       |       |     3 |       ||     3
       Lee's Rapid Decon |       |       |       |       |    16 |       ||    16
       Malign Gateway    |       |       |       |       |       |     1 ||     1
       Darkness          |       |       |       |       |       |     1 ||     1
Invok: Shadow Step       |       |       |     2 |    16 |    21 |     2 ||    41
  Use: Potion            |       |     4 |     1 |       |     9 |     2 ||    16
       Scroll            |       |     2 |       |       |    11 |       ||    13
 Stab: Sleeping          |     5 |     3 |    36 |    57 |    94 |     3 ||   198
       Invisible         |       |     1 |     3 |     8 |    11 |       ||    23
       Confused          |       |       |     2 |       |       |       ||     2
       Distracted        |       |       |       |     1 |     2 |       ||     3
       Held in net/web   |       |       |       |       |       |     1 ||     1
  Eat: Bread ration      |       |       |       |     1 |     1 |       ||     2
       Fruit             |       |       |       |       |     2 |     2 ||     4
